 Dungeon Crawl Stone Soup version 0.21-a0-496-g696f58f (webtiles) character file.

462 slep the Fighter (level 7, -9/63 HPs)
             Began as a Barachi Wanderer on Nov 24, 2017.
             Mangled by Prince Ribbit (11 damage)
             ... on level 5 of the Dungeon.
             The game lasted 00:12:50 (3566 turns).

slep the Fighter (Barachi Wanderer)                 Turns: 3566, Time: 00:12:50

Health: -9/63      AC:  9    Str: 15    XL:     7   Next: 7%
Magic:  7/7        EV:  5    Int: 11    God:
Gold:   139        SH:  9    Dex: 13    Spells: 6/6 levels left

rFire    . . .     SeeInvis .   C - +2 mace (crush)
rCold    . . .     Gourm    .   a - +0 shield
rNeg     . . .     Faith    .   s - +0 chain mail
rPois    .         Spirit   .   (no helmet)
rElec    .         Reflect  .   (no cloak)
rCorr    .         Harm     .   (no gloves)
MR       .....                  (no boots)
Stlth    ..........             (no amulet)
HPRegen  0.20/turn              (no ring)
MPRegen  0.10/turn              (no ring)

@: slow
A: +LOS, swims, slowness 1, strong legs 1
a: Hop


You were on level 5 of the Dungeon.
You were not hungry.

You visited 1 branch of the dungeon, and saw 5 of its levels.

You collected 139 gold pieces.

Inventory:

Hand Weapons
 b - a +0 hand crossbow
 d - a +0 spear
 k - a +0 battleaxe of electrocution
 o - a +0 morningstar
 x - a +0 mace
 C - a +2 mace of crushing (weapon)
Missiles
 c - 52 bolts
 m - 34 poisoned needles
 n - 78 stones (quivered)
 y - 4 curare-tipped needles
Armour
 a - a +0 shield (worn)
 e - a +0 robe
 i - a +0 leather armour
 s - a +0 chain mail (worn)
Jewellery
 r - a +5 ring of strength {unknown}
Wands
 u - a wand of acid (11)
Scrolls
 g - a scroll of magic mapping {unknown}
 h - 6 scrolls of identify {unknown}
 j - 3 scrolls of teleportation {unknown}
 l - 2 scrolls of noise {unknown}
 q - 2 scrolls of remove curse {unknown}
 t - a scroll of fog {unknown}
 v - a scroll of immolation {unknown}
 w - 3 scrolls of enchant weapon {unknown}
Potions
 p - 2 potions of might {unknown}
 A - a potion of curing
 B - a potion of brilliance
Books
 z - a book of Minor Magic

   Spells                             Type                      Level
   a - Magic Dart                     Conjuration                  1
   b - Blink                          Translocation                2
   c - Call Imp                       Summoning                    2
   d - Slow                           Hexes                        2
   e - Conjure Flame                  Conjuration/Fire             3
   f - Mephitic Cloud                 Conjuration/Poison/Air       3
Comestibles
 f - 2 bread rations


   Skills:
 + Level 8.5 Fighting
 + Level 4.1 Maces & Flails
 + Level 1.0 Polearms
 + Level 0.3 Crossbows
 + Level 3.8 Armour
 + Level 2.3 Dodging
 + Level 0.4 Stealth
 + Level 3.3 Shields


You had 6 spell levels left.
You didn't know any spells.

Dungeon Overview and Level Annotations

Branches:
Dungeon (5/15)
 Temple: D:4-7

Altars:
Fedhas
Makhleb
Sif Muna
Trog
Vehumet
Xom

Annotations:
D:5 Prince Ribbit


Innate Abilities, Weirdness & Mutations

Shadows flee at your approach. (+LOS)
You can swim through water.
You cover ground slowly.
You can hop short distances.


Message History

A killer bee comes into view.
You closely miss Prince Ribbit.
Prince Ribbit is moderately wounded.
Prince Ribbit winks and puckers his lips.
Prince Ribbit hits you! x2
A killer bee comes into view.
You closely miss Prince Ribbit.
Prince Ribbit is moderately wounded.
The killer bee buzzes angrily.
Prince Ribbit hits you. Prince Ribbit hits you!
* * * LOW HITPOINT WARNING * * *
Prince Ribbit hits you!
* * * LOW HITPOINT WARNING * * *
You block the killer bee's attack. Prince Ribbit barely misses you.
The killer bee stings you.
* * * LOW HITPOINT WARNING * * *
The killer bee stings you but does no damage.
Prince Ribbit hits you!
You die...

###.. ##.............(.
...... ##.........[......
.....[###....##...........
...........#####..........
##..[......# #..........
##.(....y## #...........
###.....# #...#.......
##..Fy# #...##.<....
##..@# #... ##..... ##..#
##...##..... ##[.
#......... #..# ##........
##.. ##....... #..
#.....#. #. #.....## #.
#...... #. #.......


You could see Prince Ribbit and 2 killer bees.

Vanquished Creatures
  The ghost of jman the Sneak, an amateur VSEn (D:3)
  A scorpion (D:2)
  A hound (D:4)
  An orc wizard (D:3)
  Jessica (D:2)
  2 worker ants (D:4)
  A hound skeleton (D:5)
  8 adders
  A worm (D:3)
  2 dart slugs
  6 leopard geckos
  2 orcs
  A ball python (D:2)
  4 giant cockroaches
  3 goblins
  8 hobgoblins
  17 jackals
  7 bats
  6 frilled lizards
  7 kobolds
  A leopard gecko zombie (D:5)
  A quokka zombie (D:5)
  6 rats
  2 fungi (D:2)
90 creatures vanquished.

Vanquished Creatures (others)
  A fungus (D:2)
1 creature vanquished.

Grand Total: 91 creatures vanquished

Notes
Turn   | Place    | Note
-------+----------+-------------------------------------------
     0 | D:1      | slep the Barachi Wanderer began the quest for the Orb.
     0 | D:1      | slep set off with: a +0 shield, a +0 hand crossbow, 29 bolts, a +0 spear, a +0 robe, a bread ration
     0 | D:1      | Reached XP level 1. HP: 24/24 MP: 1/1
    78 | D:1      | Reached XP level 2. HP: 26/31 MP: 2/2
   605 | D:1      | Reached XP level 3. HP: 37/37 MP: 3/3
   662 | D:2      | Found a bloodstained altar of Trog.
   782 | D:2      | Reached skill level 1 in Dodging
   874 | D:2      | Noticed a scorpion
   894 | D:2      | Killed a scorpion
   894 | D:2      | Reached skill level 1 in Polearms
   894 | D:2      | Reached XP level 4. HP: 8/44 MP: 4/4
  1198 | D:2      | Found a blossoming altar of Fedhas.
  1202 | D:2      | Noticed Jessica
  1220 | D:2      | Reached skill level 1 in Maces & Flails
  1223 | D:2      | Killed Jessica
  1223 | D:2      | Reached skill level 8 in Fighting
  1223 | D:2      | Reached XP level 5. HP: 42/49 MP: 5/5
  2058 | D:3      | Found a deep blue altar of Sif Muna.
  2203 | D:3      | Noticed jman's ghost (amateur VSEn)
  2237 | D:3      | Killed jman's ghost
  2237 | D:3      | Reached XP level 6. HP: 33/56 MP: 6/6
  2421 | D:3      | Found a shimmering altar of Xom.
  3118 | D:4      | Found a radiant altar of Vehumet.
  3179 | D:4      | Found a burning altar of Makhleb.
  3371 | D:4      | Reached XP level 7. HP: 51/63 MP: 7/7
  3510 | D:5      | Entered Level 5 of the Dungeon
  3552 | D:5      | Noticed Prince Ribbit
  3565 | D:5      | HP: 1/63 [killer bee (3)]
  3566 | D:5      | Mangled by Prince Ribbit

Vault maps used:
D:1:      lemuel_arrival_cross, hangedman_decor_growths
D:2:      fedhas_altar_3, bloody_trog, uniq_jessica
D:3:      tgw_sif, xom_teletrap_fun
D:4:      lemuel_doored_altar, makhleb_blood_cavern_becter, grunt_ministairs_2
D:5:      first_bread, uniq_prince_ribbit1

Skill      XL: |  1  2  3  4  5  6 |
---------------+-------------------+-----
Dodging        | 1 2 |  2.3
Polearms       | 1 |  1.0
Armour         | 3 |  3.8
Maces & Flails | 1 3 4 |  4.1
Fighting       | 8 |  8.5
Shields        | 3 |  3.3
Crossbows      | |  0.3
Stealth        | |  0.4

Action                   |  1- 3 |  4- 6 |  7- 9 || total
-------------------------+-------+-------+-------++-------
Melee: Spear             |    93 |       |       ||    93
       Morningstar       |    23 |   108 |       ||   131
       Mace              |       |   177 |    22 ||   199
 Fire: Hand crossbow     |       |     4 |       ||     4
Throw: Stone             |       |     4 |       ||     4
  Use: Potion            |       |     4 |       ||     4
  Eat: Chunk             |       |    10 |     1 ||    11
Armor: Robe              |    18 |       |       ||    18
       Leather armour    |    24 |    55 |       ||    79
       Chain mail        |       |    59 |    11 ||    70
Dodge: Dodged            |    38 |    99 |     7 ||   144
Block: Shield            |    69 |   152 |    11 ||   232

Table legend:
 A = Spawn XP
 B = Non-spawn XP
 C = Spawn XP percentage of total XP
 D = Spawn monster count
 E = Non-spawn monster count
 F = Spawn count percentage of total count
 G = Total turns spent on level
                    A         B        C        D         E        F      G
               +---------+---------+-------+---------+---------+-------+---------
         Total |       0 |     660 |   0.0 |       0 |      88 |   0.0 |  3566
               +---------+---------+-------+---------+---------+-------+---------
           D:1 |       0 |      35 |   0.0 |       0 |      22 |   0.0 |   662
           D:2 |       0 |     179 |   0.0 |       0 |      21 |   0.0 |   958
           D:3 |       0 |     233 |   0.0 |       0 |      24 |   0.0 |   999
           D:4 |       0 |     193 |   0.0 |       0 |      18 |   0.0 |   891
           D:5 |       0 |      20 |   0.0 |       0 |       3 |   0.0 |    56
               +---------+---------+-------+---------+---------+-------+---------
